 Dungeon Crawl Stone Soup version 0.30.1-11-g7821555f0a (webtiles) character file.

Game seed: 3546491636594466286

32 Peloso the Covered (level 3, -1/33 HPs)
             Began as a Minotaur Fighter on Nov 14, 2023.
             Slain by a gnoll
             ... wielding a +0 halberd
              (8 damage)
             ... on level 2 of the Dungeon.
             The game lasted 00:03:35 (1588 turns).

Peloso the Covered (Minotaur Fighter)               Turns: 1588, Time: 00:03:36

Health: -1/33      AC: 12    Str: 20    XL:     3   Next: 10%
Magic:  2/2        EV:  7    Int:  5    God:
Gold:   86         SH:  4    Dex: 11    Spells: 2/2 levels left

rFire   + . .        a - +0 long sword
rCold   + . .        d - +0 buckler
rNeg    . . .        k - +3 chain mail
rPois   .            (helmet restricted)
rElec   .            i - scarf {rC+ rF+}
rCorr   .            (no gloves)
SInv    .            (no boots)
Will    .....        (no amulet) Stlth
                     (no ring)
HPRegen 0.25/turn    (no ring)
MPRegen 0.08/turn

%: no passive effects
@: no status effects
A: horns 2, retaliatory headbutt
a: no special abilities


You were on level 2 of the Dungeon.
You visited 1 branch of the dungeon, and saw 2 of its levels.

You collected 86 gold pieces.

Inventory:

Hand Weapons
 a - a +0 long sword (weapon)
 c - a +0 dagger
Armour
 b - a +0 scale mail
 d - a +0 buckler (worn)
 i - a scarf of resistance (worn)
 k - a +3 chain mail (worn)
Scrolls
 e - a scroll of butterflies {unknown}
 g - a scroll of enchant armour {unknown}
 h - 2 scrolls of poison {unknown}
 m - a scroll of teleportation {unknown}
Potions
 f - a potion of heal wounds
 j - a potion of might
 l - a potion of magic {unknown}
 n - a potion of curing


   Skills:
 + Level 4.2 Fighting
 + Level 2.6 Long Blades
 + Level 4.2 Armour
 + Level 4.0 Shields


You had 2 spell levels left.
You didn't know any spells.
Your spell library contained the following spells:

 Spells                   Type           Power      Damage    Failure   Level
 Apportation              Tloc           0%         N/A       99%         1
 Sandblast                Erth           0%         2d4       99%         1
 Sting                    Tmut/Pois      0%         1d3       99%         1
 Passwall                 Tmut/Erth      0%         N/A       100%        2
 Poisonous Vapours        Pois/Air       0%         N/A       100%        2
 Ozocubu's Armour         Ice            0%         N/A       100%        3
 Stone Arrow              Conj/Erth      0%         3d7       100%        3
 Olgreb's Toxic Radiance  Pois           0%         N/A       100%        4
 Ozocubu's Refrigeration  Ice            0%         4d7       100%        7


Dungeon Overview and Level Annotations

Branches:
Dungeon (2/15)

Altars:

Shops:
D:2 !(?


Innate Abilities, Weirdness & Mutations

You have a pair of horns on your head.
You reflexively headbutt those who attack you in melee.


Message History

The gnoll shouts!
The gnoll shouts!
The gnoll hits you but does no damage. The gnoll attacks as you move away!
The gnoll hits you with a +0 club.
You slash the gnoll!
The gnoll is severely wounded.
The gnoll hits you but does no damage.
You slash the gnoll!
You kill the gnoll!
You block the gnoll's attack.
The gnoll hits you from afar with a +0 halberd.
You have reached level 3!
Your experience leads to an increase in your attributes!
Increase (S)trength, (I)ntelligence, or (D)exterity?
You feel agile. x2
You barely miss the gnoll. Your headbutt misses the gnoll.
The gnoll hits you with a +0 whip. The gnoll closely misses you.
You hit the gnoll.
The gnoll is lightly wounded.
The gnoll hits you with a +0 whip.
The gnoll hits you from afar with a +0 halberd.
You hit the gnoll but do no damage. You headbutt the gnoll!
The gnoll is heavily wounded.
The gnoll hits you from afar with a +0 halberd.
The gnoll hits you with a +0 whip. You block the gnoll's attack.
The gnoll hits you with a +0 whip.
You barely miss the gnoll. Your headbutt misses the gnoll.
The gnoll is heavily wounded.
The gnoll hits you with a +0 whip.
The gnoll hits you from afar with a +0 halberd.
You hit the gnoll.
The gnoll is severely wounded.
The gnoll hits you with a +0 whip.
* * * LOW HITPOINT WARNING * * *
The gnoll hits you from afar with a +0 halberd.
* * * LOW HITPOINT WARNING * * *
You hit the gnoll.
You kill the gnoll!
The gnoll hits you from afar with a +0 halberd!
You die...

####.#....#.#####.#....
#......#...#.....#...##
#......##...#####......
#......##............##
#......##.#....>.##..#
####'#.#....###### ..#
#.#g#....# ..#
#.#)#....# ..#.
#.#@#....####### #.
#.#.##.#.#.....# .
#....#.#.#.....# .
#....#.#.#.....# .
#....#.#.#.....# .
#....#.#.#.....####.
#....#.#............
#.#....###.....###..
#.################..


You could see a gnoll.

Vanquished Creatures
  2 gnolls (D:2)
  2 dart slugs (D:1)
  A ball python (D:1)
  An endoplasm (D:1)
  3 giant cockroaches
  2 hobgoblins
  A quokka (D:1)
  3 bats
  2 frilled lizards (D:2)
  3 kobolds
20 creatures vanquished.

Notes
Turn   | Place    | Note
-------+----------+-------------------------------------------
     0 | D:1      | Peloso the Minotaur Fighter began the quest for the Orb.
     0 | D:1      | Reached XP level 1. HP: 19/19 MP: 0/0
   298 | D:1      | Reached XP level 2. HP: 25/27 MP: 1/1
  1041 | D:2      | Found a faded altar of an unknown god.
  1055 | D:2      | Got Plato's Parchment of Portals
  1161 | D:2      | Found Jeukioto's Distillery.
  1169 | D:2      | Found Joik's Antique Weapon Shoppe.
  1271 | D:2      | Found Weiwkamm's Magic Scroll Shop.
  1583 | D:2      | Reached XP level 3. HP: 31/33 MP: 2/2
  1588 | D:2      | Slain by a gnoll

Illustrated notes

Levels and vault maps discovered:
D:1:      minmay_arrival_plants_in_alcoves, layout_loops_ring,
          ebering_dispersal_statue_hall
D:2:      layout_basic, serial_shops, nicolae_shop_tiny_glass,
          nicolae_shop_trees, shop, shapermc_ecumenical_altar_rom_forum

Skill      XL: |  1  2 |
---------------+-------+-----
Armour         | 4 |  4.2
Shields        | 4 |  4.0
Fighting       | 4 |  4.2
Long Blades    | |  2.6

Action                     || total
---------------------------++-------
  Melee: Long sword        ||    54
         Headbutt          ||     7
    Use: Potion            ||     3
 Armour: Scale mail        ||    15
         Chain mail        ||    12
  Dodge: Dodged            ||    31
  Block: Buckler           ||    18
